 Dungeon Sprint DCSS version 0.31-a0-564-g3b7de120b3 (webtiles) character file.

Game seed: 4380252025763037716

67 rocky1 the Insei (level 4, -4/35 HPs)
             Began as a Djinni Shapeshifter on Aug 18, 2023.
             Slain by a gnoll
             ... wielding a +0 flail
              (11 damage)
             ... in the Dungeon (Sprint IX: "|||||||||||||||||||||||||||||").
             The game lasted 00:00:59 (154 turns).

rocky1 the Insei (Djinni Shapeshifter)               Turns: 154, Time: 00:01:00

Health: -4/35      AC:  2    Str: 14    XL:     4   Next: 38%
Gold:   0          EV: 13    Int: 10    God:
                   SH:  0    Dex: 15

rFire   + +          .
                       - Unarmed
rCold   x . .        (no shield)
rNeg    . . .        a - +0 animal skin
rPois   ∞            (helmet currently unavailable)
rElec   .            (cloak currently unavailable)
rCorr   .            (gloves currently unavailable)
SInv    .            (boots unavailable)
Will    .....        (no amulet)
Stlth   +            (no ring)
HPRegen 0.25/turn    (no ring)
MPRegen 0.00/turn

%: no teleportation, infuse magic (-5 HP)
@: beast-form, flying
A: beast (slay +3), flying, sickness immunity, fire resistance 2, cold
vulnerability 1, float, innate caster, HP casting, extra vitality 1
a: Begin Untransformation


You were in the Dungeon.
You were a hulking beast.
You visited 1 branch

Inventory:

Armour
 a - a +0 animal skin (worn)
Talismans
 c - a beast talisman (active)
 d - a flux talisman
Scrolls
 i - a scroll of blinking
Potions
 b - a potion of lignification
 e - a potion of curing
 f - a potion of heal wounds
 g - a potion of haste
 h - a potion of berserk rage


   Skills:
 * Level 3.4 Fighting
 + Level 3.4 Dodging
 + Level 5.3 Unarmed Combat
 + Level 4.5 Shapeshifting


You knew the following spells:

 Your Spells              Type           Power      Damage    Failure   Level
a - Freeze                Ice            0%         1d3       36%         1
Your spell library was empty.

Dungeon Overview and Level Annotations

Branches:
Dungeon (1/1)

Altars:


Innate Abilities, Weirdness & Mutations

You are a hulking beast.
Your limbs bulge with bestial killing power. (Slay +3)
You are flying.
You are immune to sickness and miasma.
You are immune to poison.
Your flesh is very heat resistant. (rF++)
You are vulnerable to cold. (rC-)
You float through the air rather than walking.
You learn spells naturally, not from books.
Your magical power is your life essence.
You have superior vitality. (+4 MHP)


Message History

The adder is almost dead.
The adder completely misses you. The adder bites you but does no damage.
You hit the adder.
You kill the adder!
The adder closely misses you.
You have reached level 4!
You feel clever.
You miss the adder. The adder closely misses you.
You hit the adder.
The adder is heavily wounded.
The adder misses you.
You hit the adder.
The adder is severely wounded.
The adder bites you.
You hit the adder.
You kill the adder!
Your Unarmed Combat skill increases to level 5!
You completely miss the adder. The adder barely misses you.
You closely miss the adder. The adder closely misses you. The adder bites you.
You miss the adder. The adder completely misses you.
You hit the adder.
The adder is severely wounded.
The adder barely misses you.
You miss the adder.
The adder is severely wounded.
The adder misses you.
You punch the adder!
You kill the adder!
You closely miss the gnoll. The gnoll barely misses you.
You hit the gnoll.
The gnoll is moderately wounded.
The gnoll closely misses you.
You hit the gnoll.
The gnoll is almost dead.
The gnoll hits you with a +0 flail!
* * * LOW HITPOINT WARNING * * *
You hit the gnoll but do no damage.
The gnoll is almost dead.
The gnoll hits you with a +0 flail!
You die... ▓▓▓▓▓▓▓▓▓▓▓▓▓▓▓▓▓▓ ▓<...'†††.hg.....+ ▓▓▓▓▓▓▓▓▓▓▓▓▓▓▓▓▓▓

You could see a gnoll.

Vanquished Creatures
  A hound (D)
  3 adders (D)
  2 dart slugs (D)
  A bat (D)
  An endoplasm (D)
  A giant cockroach (D)
9 creatures vanquished.

Notes
Turn   | Place    | Note
-------+----------+-------------------------------------------
     0 | D        | rocky1 the Djinni Shapeshifter began the quest for the Orb.
     0 | D        | Reached XP level 1. HP: 17/17 MP: 0/0
    14 | D        | Reached XP level 2. HP: 22/23 MP: 0/0
   138 | D        | Reached skill level 4 in Unarmed Combat
   138 | D        | Reached XP level 3. HP: 11/30 MP: 0/0
   138 | D        | Learned a level 1 spell: Freeze
   141 | D        | Reached XP level 4. HP: 14/35 MP: 0/0
   145 | D        | Reached skill level 5 in Unarmed Combat
   154 | D        | Slain by a gnoll

Illustrated notes

Levels and vault maps discovered:
D:        linesprint [early_d, line_temple, items_1, d_10, items_2, lair_1,
          lair_end, items_3, orc_1, orc_end, items_4, d_15, swamp_1, shoals_1,
          snake_1, spider_1, d_20, vaults_1, items_5, swamp_end, shoals_end,
          snake_end, spider_end, vaults_end, d_27, items_6, zot_1, zot_end,
          crypt_end, forest_end, elf_end, slime_end, tomb_end, abyss_end,
          pan_hell_end]

Skill      XL: |  1  2  3  4 |
---------------+-------------+-----
Shapeshifting  | 3 4 |  4.5
Fighting       | 3 |  3.4
Dodging        | 3 |  3.4
Unarmed Combat | 4 5 |  5.3

Action                     |  1- 3 |  4- 6 || total
---------------------------+-------+-------++-------
  Melee: Unarmed           |    30 |    14 ||    44
 Armour: Animal skin       |     7 |       ||     7
  Dodge: Dodged            |    18 |     9 ||    27

Table legend: (Time is in decaauts)
 A = Elapsed time spent in this place.
 B = Non-inter-level travel time spent in this place.
 C = Inter-level travel time spent in this place.
 D = Time resting spent in this place.
 E = Time spent auto-exploring this place.
 F = Levels seen in this place.
 G = Mean time per level.
                   A        B        C        D        E       F      G
               +--------+--------+--------+--------+--------+-----+--------+
         Total |    150 |    150 |      0 |    100 |      0 |   1 |  150.0 |
       Dungeon |    150 |    150 |      0 |    100 |      0 |   1 |  150.0 |
               +--------+--------+--------+--------+--------+-----+--------+

Top non-repeatable levels by time:
       D: 150 daAuts
